 Dungeon Crawl Stone Soup version 0.29.0-4-gdea44cf6ec (webtiles) character file.

Game seed: 5471222246479708858

70 qw the Chopper (level 4, -11/26 HPs)
             Began as a Tengu Warper on Aug 28, 2022.
             Mangled by a gnoll
             ... wielding a +0 flail
              (12 damage)
             ... on level 3 of the Dungeon.
             The game lasted 00:00:13 (2536 turns).

qw the Chopper (Tengu Warper)                       Turns: 2536, Time: 00:00:14

Health: -11/26     AC:  5    Str: 13    XL:     4   Next: 22%
Magic:  8/8        EV: 11    Int: 14    God:
Gold:   122        SH:  0    Dex: 13    Spells: 7/7 levels left

rFire   . . .      SeeInvis .   Y - +2 hand axe
rCold   . . .      Faith    .   (no shield)
rNeg    . . .      Spirit   .   h - +0 ring mail
rPois   .          Reflect  .   (helmet restricted)
rElec   .          Harm     .   (no cloak)
rCorr   .          Rampage  .   (no gloves)
Will    .....                   (boots unavailable)
Stlth   +.........              (no amulet)
HPRegen 0.08/turn               (no ring)
MPRegen 0.11/turn               (no ring)

@: no status effects
A: beak, talons 3
a: no special abilities


You were on level 3 of the Dungeon.
You visited 1 branch of the dungeon, and saw 3 of its levels.

You collected 122 gold pieces.


Innate Abilities, Weirdness & Mutations

You have a beak for a mouth.
You have claws for feet.


   Skills:
 - Level 2.0 Fighting
 + Level 4.8 Axes
 - Level 1.0 Throwing
 - Level 1.1 Armour
 - Level 2.1 Dodging
 - Level 2.0 Spellcasting
 - Level 2.4 Translocations


You had 7 spell levels left.
You didn't know any spells.
Your spell library contained the following spells:

 Spells                   Type           Power      Damage    Failure   Level
 Blink                    Tloc           16%        N/A       28%         2
 Gell's Gravitas          Tloc           8%         N/A       50%         3
 Lesser Beckoning         Tloc           8%         N/A       50%         3
 Teleport Other           Tloc           8%         N/A       50%         3
 Manifold Assault         Tloc           8%         N/A       99%         5

Inventory:

Hand Weapons
 f - a +0 flail
 Y - a +2 hand axe (weapon)
Armour
 h - a +0 ring mail (worn)
Jewellery
 b - a ring of fire
Scrolls
 a - 2 scrolls of identify
 c - a scroll of immolation {unknown}
Potions
 d - a potion of curing

Dungeon Overview and Level Annotations

Branches:
Dungeon (3/15)

Altars:

Shops:
D:1 !

Annotations:
D:3 qw's ghost, amateur TeWr


Message History

A gnoll comes into view. It is wielding a +0 flail.
The gnoll shouts!
A ball python comes into view.
A gnoll comes into view. It is wielding a +0 spear.
A rat comes into view. 2 gnolls come into view.
The gnoll shouts! x2; You hear an angry hiss.
The rat twitches its whiskers.
The gnoll barely misses you.
You hit the gnoll. You punch the gnoll, but do no damage.
The gnoll is moderately wounded.
The gnoll hits you with a +0 flail. The ball python barely misses you.
The ball python closely misses you.
You hit the gnoll.
The gnoll is heavily wounded.
You hit the ball python.
You kill the ball python!
The gnoll hits you but does no damage. The gnoll hits you with a +0 flail!
You slash the gnoll!
You kill the gnoll!
The gnoll throws a throwing net.
The throwing net closely misses you. The gnoll hits you but does no damage.
A bat comes into view.
The rat bites you but does no damage.
The gnoll hits you from afar with a +0 spear.
The gnoll barely misses you.
You hit the rat.
You kill the rat!
The gnoll barely misses you.
The gnoll hits you from afar with a +0 spear.
You hit the gnoll. Your kick misses the gnoll. You peck the gnoll.
The gnoll is severely wounded.
The gnoll closely misses you. The gnoll hits you with a +0 flail.
The gnoll hits you from afar with a +0 spear.
You barely miss the gnoll.
The gnoll is heavily wounded.
The bat hits you but does no damage.
The gnoll hits you from afar with a +0 spear.
The gnoll hits you with a +0 flail!
You die...

.. #.########+## #.
...........#### #.
####..............##.
#$............# #..#.
#........(....# #...
#.............# ##..
#.............# #..
#..g@.........# ##.
#..gb%....###### ##..
.....g.........######)..
........................
...........%..>.........
...#.................###
...########.###......# .
.. #.....#......# .
#.....#......#.


You could see 3 gnolls and a bat.

Vanquished Creatures
  A gnoll (D:3)
  An adder (D:2)
  A worm (D:3)
  2 dart slugs (D:2)
  An endoplasm (D:2)
  A giant cockroach (D:1)
  2 goblins
  4 hobgoblins (D:1)
  3 jackals
  7 kobolds
  4 quokkas
  9 ball pythons
  2 bats
  A frilled lizard (D:1)
  5 rats
44 creatures vanquished.

Notes
Turn   | Place    | Note
-------+----------+-------------------------------------------
     0 | D:1      | qw the Tengu Warper began the quest for the Orb.
     0 | D:1      | Reached XP level 1. HP: 12/12 MP: 4/4
     0 | D:1      | 0 ||| qw: Version: 0.1-a-89-g26bdef1
     0 | D:1      | 0 ||| qw: Game counter: 1603
     0 | D:1      | 0 ||| qw: Always use a shield: true
     0 | D:1      | 0 ||| qw: God list: Okawaru
     0 | D:1      | 0 ||| qw: Allow faded altars: false
     0 | D:1      | 0 ||| qw: Do Orc after D:15 true
     0 | D:1      | 0 ||| qw: Do second Lair branch before Depths: true
     0 | D:1      | 0 ||| qw: Lair rune preference: random
     0 | D:1      | 0 ||| qw: Plans: Normal
     0 | D:1      | 0 ||| PLANNING D:1-11
   125 | D:1      | 125 ||| Stepping ~*~*~tactically~*~*~ (stealth).
   128 | D:1      | 128 ||| Stepping ~*~*~tactically~*~*~ (stealth).
   247 | D:1      | Reached skill level 3 in Axes
   247 | D:1      | Reached XP level 2. HP: 11/17 MP: 6/6
   662 | D:1      | Found Xav Ziuc's Distillery.
   760 | D:1      | 760 ||| SHOPLISTING potion of haste (140 gold, have 36).
   760 | D:1      | 760 ||| SHOPLISTING potion of heal wounds (70 gold, have
                  | 36).
   760 | D:1      | 760 ||| SHOPLISTING potion of mutation (112 gold, have 36).
   760 | D:1      | 760 ||| SHOPLISTING potion of resistance (140 gold, have
                  | 36).
   840 | D:1      | 840 ||| Stepping ~*~*~tactically~*~*~ (stealth).
   842 | D:1      | 842 ||| Stepping ~*~*~tactically~*~*~ (stealth).
   873 | D:1      | Found a faded altar of an unknown god.
   986 | D:1      | You fall into a shaft and drop 1 floor!
  1013 | D:2      | 1013 ||| READING 3 scrolls labelled DAIKHO GEEB.
  1014 | D:2      | 1014 ||| READING scroll labelled COAVVI ZERCHUYM.
  1015 | D:2      | 1015 ||| READING scroll labelled FOGEQO TUSS.
  1154 | D:2      | 1154 ||| READING 2 scrolls of identify.
  1154 | D:2      | 1154 ||| IDENTIFYING white potion
  1155 | D:2      | 1155 ||| DROPPING scroll of blinking.
  1156 | D:2      | 1156 ||| DROPPING potion of flight.
  1193 | D:1      | 1193 ||| Stepping ~*~*~tactically~*~*~ (stealth).
  1194 | D:1      | 1194 ||| Stepping ~*~*~tactically~*~*~ (stealth).
  1196 | D:1      | Reached XP level 3. HP: 21/21 MP: 7/7
  1425 | D:1      | 1425 ||| READING scroll labelled ATIACI EHYUXU.
  1444 | D:2      | 1444 ||| STAIRDANCE
  1480 | D:2      | 1480 ||| STAIRDANCE
  1545 | D:2      | Reached skill level 4 in Axes
  1638 | D:2      | 1638 ||| DROPPING +0 whip.
  1710 | D:2      | Identified the +7 short sword of Divine Prudence {drain,
                  | rElec Str+4}
  2019 | D:2      | 2019 ||| READING scroll of enchant weapon.
  2019 | D:2      | 2019 ||| ENCHANTING +1 hand axe.
  2314 | D:2      | 2314 ||| UPGRADING to +0 ring mail.
  2324 | D:2      | 2324 ||| DROPPING +0 leather armour.
  2325 | D:2      | 2325 ||| READING scroll labelled PILOUF DEIS.
  2426 | D:2      | 2426 ||| READING scroll labelled ABOFOTY LEPP.
  2427 | D:2      | 2427 ||| DRINKING 2 black potions.
  2428 | D:2      | 2428 ||| DRINKING 2 fizzy sapphire potions.
  2429 | D:2      | 2429 ||| READING 3 scrolls of identify.
  2429 | D:2      | 2429 ||| IDENTIFYING lumpy green potion
  2430 | D:2      | 2430 ||| DROPPING potion of magic.
  2431 | D:2      | 2431 ||| DROPPING potion of berserk rage.
  2472 | D:3      | Noticed qw's ghost (amateur TeWr)
  2473 | D:3      | Noticed a kobold brigand
  2514 | D:3      | Reached XP level 4. HP: 26/26 MP: 8/8
  2536 | D:3      | HP: 1/26 [gnoll/+0 spear (6)]
  2536 | D:3      | Mangled by a gnoll

Levels and vault maps discovered:
D:1:      mrwooster_arrival_statue_3, layout_basic,
          dreamdust_ecumenical_altar_statues, serial_shops, nicolae_square_shop
D:2:      layout_basic, minmay_misc_feat_rows
D:3:      layout_basic, gammafunk_ghost_split, small_statue_intersection,
          st_stairs_3, nrook_uturn, grunt_decor_fettered

Skill      XL: |  1  2  3 |
---------------+----------+-----
Axes           | 3 4 |  4.8
Fighting       | |  2.0
Throwing       | |  1.0
Armour         | |  1.1
Dodging        | |  2.1
Spellcasting   | |  2.0
Translocations | |  2.4

Action                   |  1- 3 |  4- 6 || total
-------------------------+-------+-------++-------
Melee: Hand axe          |    91 |     6 ||    97
       Kick              |    22 |       ||    22
       Peck              |    10 |     1 ||    11
       Punch             |       |     1 ||     1
Throw: Boomerang         |     7 |       ||     7
  Use: Scroll            |     9 |       ||     9
       Potion            |     2 |       ||     2
Armor: Leather armour    |    25 |       ||    25
       Ring mail         |     5 |     4 ||     9
Dodge: Dodged            |    42 |     7 ||    49

Table legend:
 A = Non-vault XP
 B = Vault XP
 C = Vault XP percentage of total XP
 D = Non-vault monster count
 E = Vault monster count
 F = Vault count percentage of total count
                 A         B        C        D         E       F
            +---------+---------+-------+---------+---------+-------
      Total |     101 |       0 |   0.0 |      44 |       0 |   0.0
            +---------+---------+-------+---------+---------+-------
        D:1 |      41 |       0 |   0.0 |      25 |       0 |   0.0
        D:2 |      33 |       0 |   0.0 |      11 |       0 |   0.0
        D:3 |      27 |       0 |   0.0 |       8 |       0 |   0.0
            +---------+---------+-------+---------+---------+-------
